 Dungeon Crawl Stone Soup version 0.23.2-1-ga50397a6bc (webtiles) character file.

Game seed: 326622627427525979

146 MisterOstroum the Poker (level 5, -6/63 HPs)
             Began as a Merfolk Skald on May 21, 2019.
             Killed from afar by an orc wizard (10 damage)
             ... with a magic dart
             ... on level 3 of the Dungeon.
             The game lasted 00:04:49 (3094 turns).

MisterOstroum the Poker (Merfolk Skald)             Turns: 3094, Time: 00:04:50

Health: -6/63      AC: 22    Str: 11    XL:     5   Next: 28%
Magic:  4/8        EV:  2    Int: 14    God:
Gold:   161        SH:  0    Dex: 18    Spells: 2/8 levels left

rFire    + . .     SeeInvis .   a - +0 spear
rCold    + . .     Gourm    .   (no shield)
rNeg     + + +     Faith    .   (armour currently unavailable)
rPois    +         Spirit   .   (helmet currently unavailable)
rElec    +         Reflect  .   (cloak currently unavailable)
rCorr    +         Harm     .   (gloves currently unavailable)
MR       .....     NoTele   +   (boots currently unavailable)
Stlth    +++.......             (no amulet)
HPRegen  0.20/turn              (no ring)
MPRegen  0.11/turn              (no ring)

@: agile, lethally poisoned (-6 -> -24), tree-form (expiring), resistant,
singing (expiring), slowed, very slow
A: (change form in water), (swift swim), (stealthy swim)
a: no special abilities


You were on level 3 of the Dungeon.
You were not hungry.
You were a tree.
You visited 1 branch of the dungeon, and saw 3 of its levels.

You collected 161 gold pieces.

Inventory:

Hand Weapons
 a - a +0 spear (weapon)
Missiles
 f - 72 stones (quivered)
 i - 7 javelins
Armour
 b - a +0 leather armour
 m - a +0 robe (melded)
Scrolls
 c - 2 scrolls of teleportation {unknown}
 j - a scroll of blinking {unknown}
 n - a scroll of enchant armour {unknown}
Potions
 d - 2 potions of resistance
 l - a potion of agility {@q5 !q}
Comestibles
 e - 3 rations
 k - 4 chunks of flesh


   Skills:
 + Level 3.9 Fighting
 + Level 5.3 Polearms
 - Level 0.6 Armour
 - Level 2.6 Dodging
 - Level 2.0 Spellcasting
 + Level 1.2 Hexes
 + Level 3.7 Charms


You had 2 spell levels left.
You knew the following spells:

 Your Spells              Type           Power        Failure   Level  Hunger
a - Infusion              Chrm           ##..         4%          1    ##.....
b - Spectral Weapon       Hex/Chrm       #.......     26%         3    ####...
c - Song of Slaying       Chrm           ##......     8%          2    ###....

Your spell library contained the following spells:

 Spells                   Type           Power        Failure   Level  Hunger
 Shroud of Golubria       Chrm/Tloc      #.........   17%         2    ###....
 Regeneration             Chrm/Necr      #.........   32%         3    ####...


Dungeon Overview and Level Annotations

Branches:
Dungeon (3/15)

Altars:
Qazlal


Message History

* * * LOW HITPOINT WARNING * * *
It was a potion of curing.
You feel better.
The orc wizard casts a spell.
The orc wizard blinks!
It was a potion of lignification.
You turn into a tree.
Your +0 robe melds into your body.
Your roots penetrate the ground.
The orc priest hits you but does no damage.
It was a potion of agility.
You feel agile all of a sudden. The orc wizard casts a spell at you.
You feel yourself slow down. The orc priest hits you with a +0 mace.
* * * LOW HITPOINT WARNING * * *
You hit the orc priest.
The orc priest is moderately wounded.
The orc priest hits you but does no damage.
You closely miss the orc priest.
The orc priest is moderately wounded.
The orc wizard hits you but does no damage.
The orc priest barely misses you.
The orc wizard gestures at you while chanting.
The magic dart hits you but does no damage.
You barely miss the orc priest.
The orc priest is moderately wounded.
The orc wizard hits you but does no damage.
The orc priest hits you but does no damage.
The orc wizard hits you with a +2 dagger of venom.
* * * LOW HITPOINT WARNING * * *
You hit the orc priest.
The orc priest is heavily wounded.
Your magical infusion is running out.
The orc wizard hits you but does no damage.
The orc priest hits you but does no damage.
The orc wizard points at you and mumbles some strange words.
The magic dart hits you.
* * * LOW HITPOINT WARNING * * *
You closely miss the orc priest.
The orc priest is heavily wounded.
The orc wizard hits you but does no damage.
The orc priest hits you but does no damage.
The orc wizard hits you but does no damage.
You completely miss the orc priest.
The orc priest is heavily wounded.
The orc priest hits you with a +0 mace.
* * * LOW HITPOINT WARNING * * *
The orc wizard hits you with a +2 dagger of venom.
* * * LOW HITPOINT WARNING * * *
Really quaff
g - a potion of curing {@q1 !q}?
You feel better.
The orc wizard hits you with a +2 dagger of venom.
* * * LOW HITPOINT WARNING * * *
The orc priest hits you but does no damage.
The orc wizard hits you but does no damage.
The orc priest hits you but does no damage.
The orc wizard hits you but does no damage.
You are poisoned.
You hit the orc priest.
The orc priest is severely wounded.
You are no longer magically infusing your attacks.
You feel sick.
The orc wizard points at you and mumbles some strange words.
The magic dart hits you.
* * * LOW HITPOINT WARNING * * *
The orc priest hits you but does no damage.
You hit the orc priest.
The orc priest is almost dead.
You feel sick.
The orc wizard hits you but does no damage. x2
You are lethally poisoned!
The orc priest completely misses you.
You barely miss the orc priest.
The orc priest is almost dead.
* * * LOW HITPOINT WARNING * * *
You feel sick.
The orc wizard hits you but does no damage. x2
The orc priest casts a cantrip, but nothing happens.
You hit the orc priest.
You kill the orc priest!
Your transformation is almost over.
Your song is almost over.
* * * LOW HITPOINT WARNING * * *
You feel sick.
The orc wizard hits you but does no damage.
You are more poisoned.
The orc wizard mumbles some strange words.
The orc wizard blinks!
You cannot move.
You cannot move.
Okay, then.
Throwing (i - inventory. (/) - cycle)
f - 73 stones (quivered)
Press: ? - help, Shift-Dir - straight line, f - orc wizard
Aim: an orc wizard, wielding a +2 dagger of venom and wearing a +0 robe (fast)
You throw a stone.
The stone hits the orc wizard but does no damage.
* * * LOW HITPOINT WARNING * * *
You feel very sick.
The orc wizard points at you and mumbles some strange words.
You resist with some effort.
The orc wizard gestures at you while chanting.
The magic dart hits you!
You die...

#......###### .# ...
#...#........ . ..
#...#........ # #.##
#...#.####### # #..# #
#...#....%... #
.#..###.#...#)#######
##..#...##.....#..(.....
.#..#...#####..#)#######
....#....# #...♣..$....
.# #....# ##.....##### #
#....# #.....#### #.#
#....## #.....o..# #.#
#.....####.....(..# #.#
#.................# ..#
##...÷.###........# .##
#.÷)#.# #.....#### ##
#...#.# #.....#


You could see an orc wizard.

Vanquished Creatures
  An orc priest (D:3)
  7 adders
  A worm (D:2)
  2 dart slugs
  3 ball pythons
  A bat (D:1)
  A giant cockroach (D:1)
  5 hobgoblins
  3 jackals (D:2)
  2 quokkas
  3 frilled lizards
  7 goblins
  7 kobolds
  7 rats
50 creatures vanquished.

Notes
Turn   | Place    | Note
-------+----------+-------------------------------------------
     0 | D:1      | MisterOstroum the Merfolk Skald began the quest for the
                  | Orb.
     0 | D:1      | Reached XP level 1. HP: 16/16 MP: 3/3
   638 | D:1      | Reached XP level 2. HP: 23/23 MP: 5/5
  1219 | D:2      | Reached skill level 4 in Polearms
  1385 | D:2      | Reached XP level 3. HP: 29/29 MP: 6/6
  2065 | D:2      | Learned a level 3 spell: Spectral Weapon
  2070 | D:2      | Reached XP level 4. HP: 35/35 MP: 7/7
  2174 | D:2      | Found a stormy altar of Qazlal.
  2657 | D:3      | Reached skill level 5 in Polearms
  2907 | D:3      | Reached skill level 1 in Hexes
  3038 | D:3      | Reached XP level 5. HP: 42/42 MP: 8/8
  3074 | D:3      | Learned a level 2 spell: Song of Slaying
  3079 | D:3      | HP: 1/42 [orc priest/divine providence (13)]
  3094 | D:3      | Killed from afar by an orc wizard

Skill      XL: |  1  2  3  4 |
---------------+-------------+-----
Fighting       | 3 |  3.9
Polearms       | 4 5 |  5.3
Hexes          | 1 |  1.2
Armour         | |  0.6
Dodging        | |  2.6
Spellcasting   | |  2.0
Charms         | |  3.7

Action                   |  1- 3 |  4- 6 || total
-------------------------+-------+-------++-------
Melee: Spear             |   110 |    62 ||   172
Throw: Stone             |    65 |    50 ||   115
 Cast: Infusion          |     2 |     5 ||     7
       Song of Slaying   |       |     1 ||     1
  Use: Potion            |       |     5 ||     5
 Stab: Sleeping          |     1 |     1 ||     2
  Eat: Chunk             |     4 |     3 ||     7
Armor: Leather armour    |    18 |       ||    18
       Robe              |       |     8 ||     8
       Skin              |       |    19 ||    19
Dodge: Dodged            |    70 |    22 ||    92
